 Dungeon Crawl Stone Soup version 0.30.0-29-ga12c61a403 (webtiles) character file.

Game seed: 15501092630993672811

66 ChiefBigBeans the Ducker (level 3, -1/28 HPs)
             Began as a Demonspawn Gladiator on June 22, 2023.
             Slain by an orc
             ... wielding a +0 trident
              (3 damage)
             ... on level 4 of the Dungeon.
             The game lasted 00:02:13 (872 turns).

ChiefBigBeans the Ducker (Demonspawn Gladiator)      Turns: 872, Time: 00:02:14

Health: -1/28      AC:  6    Str: 14    XL:     3   Next: 96%
Magic:  3/3        EV: 11    Int:  9    God:
Gold:   77         SH:  0    Dex: 16    Spells: 2/2 levels left

rFire   . . .        l - +1 dagger (drain)
rCold   . . .        (no shield)
rNeg    . . .        h - +0 ring mail
rPois   .            c - +0 helmet
rElec   .            (no cloak)
rCorr   .            (no gloves)
SInv    .            (no boots)
Will    .....        (no amulet) Stlth
                     (no ring)
HPRegen 0.24/turn    (no ring)
MPRegen 0.08/turn

%: no passive effects
@: confused
A: foul stench 2
a: no special abilities


You were on level 4 of the Dungeon.
You visited 1 branch of the dungeon, and saw 3 of its levels.

You collected 77 gold pieces.

Inventory:

Hand Weapons
 a - a +0 trident
 l - a +1 dagger of draining (weapon)
Missiles
 d - 3 throwing nets (quivered)
 e - a javelin
Armour
 b - a +0 leather armour
 c - a +0 helmet (worn)
 h - a +0 ring mail (worn)
Scrolls
 f - 2 scrolls of summoning {unknown}
 g - a scroll of enchant weapon {unknown}
 i - a scroll of poison {unknown}
 j - a scroll of immolation {unknown}
 n - a scroll of identify {unknown}
 o - a scroll of amnesia {unknown}
Potions
 k - a potion of mutation {unknown}
 m - a potion of flight {unknown}
 p - a potion of brilliance {unknown}


   Skills:
 + Level 2.7 Fighting
 + Level 0.9 Short Blades
 - Level 2.9 Polearms
 - Level 1.7 Throwing
 + Level 1.4 Armour
 + Level 3.2 Dodging


You had 2 spell levels left.
You didn't know any spells.
Your spell library contained the following spells:

 Spells                   Type           Power      Damage    Failure   Level
 Necrotise                Necr           0%         1d4       63%         1
 Vampiric Draining        Necr           0%         2d6       94%         3
 Agony                    Necr           0%         N/A       100%        5


Dungeon Overview and Level Annotations

Branches:
Dungeon (2/15)

Altars:


Innate Abilities, Weirdness & Mutations

You sometimes emit foul miasma when damaged in melee.


Message History

You bump into the rock wall.
You feel less confused. Something hits you but does no damage.
The orc hits you from afar with a +0 trident.
The ufetubus hits you but does no damage. x2
You hit the ufetubus.
The ufetubus is lightly wounded.
The ufetubus hits you but does no damage. x2
Something hits you but does no damage. The orc closely misses you.
The ufetubus closely misses you. x2
You closely miss the ufetubus.
The ufetubus is lightly wounded.
Something hits you but does no damage. The orc hits you but does no damage.
The ufetubus hits you but does no damage.
The ufetubus barely misses you.
You hit the ufetubus.
The ufetubus is moderately wounded.
The ufetubus hits you. x2
You hear some strange, mumbled words.
You are confused.
The orc hits you but does no damage. The ufetubus closely misses you.
The ufetubus barely misses you.
You hit the ufetubus.
The ufetubus is heavily wounded.
Something hits you but does no damage. The ufetubus closely misses you.
The ufetubus barely misses you.
The orc hits you from afar with a +0 trident.
You closely miss the ufetubus.
The ufetubus is heavily wounded.
The ufetubus hits you.
* * * LOW HITPOINT WARNING * * *
The ufetubus barely misses you. Something hits you but does no damage.
The orc hits you from afar with a +0 trident.
* * * LOW HITPOINT WARNING * * *
The ufetubus hits you.
* * * LOW HITPOINT WARNING * * *
The ufetubus hits you but does no damage.
You bump into the rock wall.
Something barely misses you.
The orc hits you from afar with a +0 trident.
You die...

### #### #..
.....#######.#
............#
##.#........#
#.####..5## #
#.)#@#
#..##{o.# #..#
#..# .... ....
#####. .#.# .
.# # #


You could see an orc and an ufetubus.

Vanquished Creatures
  An orc wizard (D:4)
  An adder (D:4)
  A dart slug (D:1)
  2 ball pythons (D:1)
  9 endoplasms (D:1)
  A giant cockroach (D:2)
  3 goblins (D:1)
  A quokka (D:1)
  3 bats
  2 frilled lizards (D:1)
  2 kobolds (D:1)
  4 rats (D:1)
30 creatures vanquished.

Notes
Turn   | Place    | Note
-------+----------+-------------------------------------------
     0 | D:1      | ChiefBigBeans the Demonspawn Gladiator began the quest for
                  | the Orb.
     0 | D:1      | Reached XP level 1. HP: 16/16 MP: 1/1
   201 | D:1      | Gained mutation: You may rarely emit foul miasma when
                  | damaged in melee. [demonic ancestry]
   201 | D:1      | Reached XP level 2. HP: 20/22 MP: 2/2
   450 | D:1      | Reached skill level 3 in Dodging
   499 | D:1      | Reached skill level 1 in Armour
   658 | D:1      | Gained mutation: You sometimes emit foul miasma when
                  | damaged in melee. [demonic ancestry]
   658 | D:1      | Reached XP level 3. HP: 28/28 MP: 3/3
   850 | D:2      | You fall into a shaft and drop 2 floors!
   872 | D:4      | Slain by an orc

Illustrated notes

Levels and vault maps discovered:
D:1:      psy_arrival_statuary, layout_basic, minmay_cut_off
D:2:      layout_rooms
D:4:      layout_loops_ring, minmay_temple_entry_mini_moons, uniq_menkaure,
          uniq_ijyb, uniq_eustachio

Skill      XL: |  1  2 |
---------------+-------+-----
Dodging        | 3 |  3.2
Armour         | 1 |  1.4
Fighting       | |  2.7
Short Blades   | |  0.9
Polearms       | |  2.9
Throwing       | |  1.7

Action                     || total
---------------------------++-------
  Melee: Trident           ||    53
         Punch             ||     1
         Dagger            ||    35
 Armour: Ring mail         ||    48
  Dodge: Dodged            ||    50
